 Dungeon Crawl Stone Soup version 0.30-a0-371-gad7725a93e (webtiles) character file.

Game seed: 1381281275776104160

260 bande the Chopper (level 6, 0/38 HPs)
             Began as a Gargoyle Fighter on Nov 21, 2022.
             Slain by Grinder (7 damage)
             ... on level 4 of the Dungeon.
             The game lasted 00:03:36 (1744 turns).

bande the Chopper (Gargoyle Fighter)                Turns: 1744, Time: 00:03:37

Health: 0/38       AC: 12    Str: 19    XL:     6   Next: 17%
Magic:  6/6        EV:  9    Int: 15    God:
Gold:   230        SH:  5    Dex: 17    Spells: 5/5 levels left

rFire   . . .      SeeInvis .    a - +0 war axe
rCold   . . .      Faith    .    c - +0 buckler
rNeg    + . .      Spirit   .    b - +0 scale mail
rPois   ∞          Reflect  .    q - +0 helmet
rElec   +          Harm     .    (no cloak)
rCorr   .          Rampage  .    (no gloves)
Will    .....                    (no boots)
Stlth   ..........               (no amulet)
HPRegen 0.26/turn                k - +6 ring of intelligence
MPRegen 0.10/turn                l - +6 ring of dexterity

@: no status effects
A: sickness immunity, AC +4, negative energy resistance 1, electricity
resistance, torment resistance 1, petrification resistance
a: no special abilities


You were on level 4 of the Dungeon.
You visited 1 branch of the dungeon, and saw 4 of its levels.

You collected 230 gold pieces.

Inventory:

Hand Weapons
 a - a +0 war axe (weapon)
Armour
 b - a +0 scale mail (worn)
 c - a +0 buckler (worn)
 q - a +0 helmet (worn)
Jewellery
 k - a +6 ring of intelligence (left hand)
 l - a +6 ring of dexterity (right hand)
 p - a ring of positive energy
Potions
 d - 2 potions of might
 e - 3 potions of brilliance
 f - a potion of curing {unknown}
 i - a potion of magic {unknown}
 j - a potion of degeneration {unknown}
 m - a potion of berserk rage {unknown}
 n - a potion of cancellation {unknown}


   Skills:
 + Level 4.2 Fighting
 + Level 4.4 Axes
 + Level 4.2 Armour
 + Level 3.9 Shields


You had 5 spell levels left.
You didn't know any spells.
Your spell library contained the following spells:

 Spells                   Type           Power      Damage    Failure   Level
 Searing Ray              Conj           0%         2d4       83%         2
 Stone Arrow              Conj/Erth      0%         3d7       97%         3
 Animate Armour           Summ/Erth      0%         N/A       100%        4
 Conjure Ball Lightning   Conj/Air       0%         3x3d7     100%        6
 Malign Gateway           Summ/Tloc      0%         N/A       100%        7
 Lehudib's Crystal Spear  Conj/Erth      0%         10d2      100%        8


Dungeon Overview and Level Annotations

Branches:
Dungeon (4/15)             Temple (0/1) D:4

Altars:
Gozag
Wu Jian

Annotations:
D:4 Grinder


Innate Abilities, Weirdness & Mutations

You are immune to sickness and miasma.
Your stone body is resilient. (AC +4)
You are immune to poison.
You resist negative energy. (rN+)
You are resistant to electric shocks. (rElec)
You are resistant to unholy torment.
You are immune to petrification.


Message History

Menkaure is moderately damaged.
You slash Grinder!
Grinder blinks!
Menkaure closely misses you.
You slash Menkaure!
Menkaure is severely damaged.
You hit the endoplasm. The endoplasm freezes you.
You are frozen.
Menkaure mumbles some strange words.
Menkaure seems to speed up.
You barely miss Menkaure.
Menkaure is severely damaged.
You hit the endoplasm.
You kill the endoplasm!
Menkaure hits you!
Unknown command.
You hit Menkaure.
Menkaure is almost destroyed.
Menkaure hits you but does no damage. Menkaure hits you.
Unknown command.
You hit Menkaure.
You destroy Menkaure!
Grinder gestures at you. Pain shoots through your body!
Your Fighting skill increases to level 4!
Your Axes skill increases to level 4!
You have reached level 6!
Found a scroll labelled CULUKHL QUOFFE.
Grinder says, "Just stop there for a second..."
Grinder gestures at you. Pain shoots through your body!
* * * LOW HITPOINT WARNING * * *
Grinder says, "There's only one good use for a tongue: cutting it out."
You slash Grinder!
Grinder is heavily wounded.
Grinder blinks!
A kobold comes into view. It is wielding a +0 whip.
The kobold shouts!
A ball python comes into view.
Grinder hits you!
You die...

#......########.
#. #.####### ..#
#.......#######..
#..####..........
#..####.........#
#
#.....#.........#
.
##.##.#...?......
.
#.##.#.........#
#.......@5K....#
####.##........S
...###########
.....# #.##.#.. #
#.#.# #...# # #.#


You could see Grinder, a ball python (wandering) and a kobold.

Vanquished Creatures
  Menkaure (D:4)
  A scorpion (D:4)
  2 adders
  3 worms
  A dart slug (D:3)
  6 endoplasms
  3 giant cockroaches
  2 goblins
  8 hobgoblins
  3 jackals (D:1)
  4 quokkas
  5 ball pythons
  5 bats
  A frilled lizard (D:2)
  4 rats
49 creatures vanquished.

Notes
Turn   | Place    | Note
-------+----------+-------------------------------------------
     0 | D:1      | bande the Gargoyle Fighter began the quest for the Orb.
     0 | D:1      | Reached XP level 1. HP: 14/14 MP: 1/1
    18 | D:1      | Found a faded altar of an unknown god.
   100 | D:1      | Reached XP level 2. HP: 19/19 MP: 2/2
   489 | D:1      | You fall into a shaft and drop 1 floor!
   501 | D:2      | Reached XP level 3. HP: 21/23 MP: 3/3
   541 | D:2      | Found an ornate altar of the Wu Jian Council.
   550 | D:2      | Identified the +0 scale mail of Resonance {Str-3 Int+4
                  | SInv}
   583 | D:2      | Got the Directory of Unified Attacks
  1257 | D:3      | Reached XP level 4. HP: 29/29 MP: 4/4
  1549 | D:4      | Found an opulent altar of Gozag.
  1549 | D:4      | Noticed a scorpion
  1559 | D:4      | Killed a scorpion
  1560 | D:4      | Reached XP level 5. HP: 30/33 MP: 5/5
  1690 | D:4      | Found a staircase to the Ecumenical Temple.
  1728 | D:4      | Noticed Menkaure
  1730 | D:4      | Noticed Grinder
  1738 | D:4      | Killed Menkaure
  1739 | D:4      | Reached XP level 6. HP: 12/38 MP: 6/6
  1744 | D:4      | Slain by Grinder

Illustrated notes

Levels and vault maps discovered:
D:1:      nicolae_arrival_washed_ashore, layout_basic,
          chequers_ecumenical_altar_simple_redux, nicolae_wormholes
D:2:      layout_basic, basic_altar
D:3:      layout_rooms
D:4:      layout_loops_cross, mainiacjoe_overflow_tiny_flanked, zin_scriptorium,
          minmay_temple_entry_stoned_glass, serial_shops, shop, uniq_grinder,
          uniq_menkaure

Skill      XL: |  1  2  3  4  5 |
---------------+----------------+-----
Axes           | 2 3 4 |  4.4
Armour         | 4 |  4.2
Fighting       | 4 |  4.2
Shields        | |  3.9

Action                   |  1- 3 |  4- 6 || total
-------------------------+-------+-------++-------
Melee: War axe           |    79 |    43 ||   122
  Use: Scroll            |       |     4 ||     4
Armor: Scale mail        |    41 |    24 ||    65
Dodge: Dodged            |    30 |    19 ||    49
Block: Buckler           |    18 |     8 ||    26

Table legend: (Time is in decaauts)
 A = Elapsed time spent in this place.
 B = Non-inter-level travel time spent in this place.
 C = Inter-level travel time spent in this place.
 D = Time resting spent in this place.
 E = Time spent auto-exploring this place.
 F = Levels seen in this place.
 G = Mean time per level.
                   A        B        C        D        E       F      G
               +--------+--------+--------+--------+--------+-----+--------+
         Total |   1791 |   1762 |     29 |      0 |   1372 |   4 |  447.8 |
       Dungeon |   1791 |   1762 |     29 |      0 |   1372 |   4 |  447.8 |
               +--------+--------+--------+--------+--------+-----+--------+

Top non-repeatable levels by time:
     D:2: 671 daAuts
     D:1: 500 daAuts
     D:3: 412 daAuts
     D:4: 208 daAuts
